 Dungeon Crawl Stone Soup version 0.27.0-1-g7a089689b8 (webtiles) character file.

Game seed: 16310291245991926948

15 trckry the Grasshopper (level 2, 0/29 HPs)
             Began as an Ogre Warper on Aug 14, 2021.
             Slain by a jackal (1 damage)
             ... on level 1 of the Dungeon.
             The game lasted 00:00:46 (497 turns).

trckry the Grasshopper (Ogre Warper)                 Turns: 497, Time: 00:00:47

Health: 0/29       AC:  3    Str: 14    XL:     2   Next: 50%
Magic:  5/5        EV:  9    Int: 14    God:
Gold:   26         SH:  0    Dex:  8    Spells: 3/5 levels left

rFire    . . .     SeeInvis .   h - +0 rapier
rCold    . . .     Faith    .   (no shield)
rNeg     . . .     Spirit   .   b - +0 robe
rPois    .         Reflect  .   (helmet restricted)
rElec    .         Harm     .   (no cloak)
rCorr    .         Rampage  .   (gloves unavailable)
Will     .....                  (boots unavailable)
Stlth    +.........             (no amulet)
HPRegen  0.09/turn              (no ring)
MPRegen  0.09/turn              (no ring)

@: no status effects
A: large, unfitting armour, tough skin 1
a: no special abilities


You were on level 1 of the Dungeon.
You visited 1 branch of the dungeon, and saw 1 of its levels.

You collected 26 gold pieces.

Inventory:

Hand Weapons
 a - a +0 mace
 h - a +0 rapier (weapon)
Missiles
 d - 5 boomerangs of dispersal (quivered)
Armour
 b - a +0 robe (worn)
Scrolls
 c - a scroll of blinking
 g - a scroll of amnesia {unknown}
Potions
 e - a potion of attraction {unknown}
 f - a potion of brilliance {unknown}


   Skills:
 - Level 2.6 Fighting
 * Level 2.4 Maces & Flails
 - Level 1.0 Throwing
 - Level 2.1 Dodging
 - Level 2.4 Spellcasting
 + Level 2.9 Translocations


You had 3 spell levels left.
You knew the following spells:

 Your Spells              Type           Power      Damage    Failure   Level
a - Blink                 Tloc           N/A        N/A       10%         2

Your spell library contained the following spells:

 Spells                   Type           Power      Damage    Failure   Level
 Gell's Gravitas          Tloc           5%         N/A       21%         3
 Lesser Beckoning         Tloc           5%         N/A       21%         3
 Teleport Other           Tloc           10%        N/A       21%         3
 Manifold Assault         Tloc           10%        N/A       88%         5


Dungeon Overview and Level Annotations

Branches:
Dungeon (1/15)

Altars:


Innate Abilities, Weirdness & Mutations

You are too large for most types of armour.
You have tough skin. (AC +1)


Message History

You hit the jackal.
You kill the jackal!
You hear a bark!
The jackal bites you.
You take 2 damage, and have 18/29 hp.
You closely miss the jackal.
A jackal comes into view.
You hit the jackal but do no damage. The jackal bites you.
The jackal bites you but does no damage.
You take 3 damage, and have 16/29 hp.
You barely miss the jackal. The jackal bites you.
You take 3 damage, and have 13/29 hp.
You hit the jackal.
The jackal is moderately wounded.
The jackal bites you.
The jackal bites you but does no damage.
You take 2 damage, and have 11/29 hp.
You barely miss the jackal.
The jackal is moderately wounded.
The jackal barely misses you. The jackal bites you.
You take 1 damage, and have 10/29 hp.
You completely miss the jackal.
The jackal is moderately wounded.
The jackal bites you.
* * * LOW HITPOINT WARNING * * *
The hobgoblin hits you but does no damage.
You take 2 damage, and have 8/29 hp.
You hit the jackal.
The jackal is severely wounded.
The jackal bites you.
* * * LOW HITPOINT WARNING * * *
The hobgoblin barely misses you. The jackal barely misses you.
The hobgoblin hits you.
* * * LOW HITPOINT WARNING * * *
You take 7 damage, and have 1/29 hp.
MASSIVE DAMAGE!!
You puncture the jackal!
You kill the jackal!
The hobgoblin barely misses you. The jackal bites you.
You die...

#... ... ### .....
... ..###. # # #.#
#........##.#.#.#
.............>#.#
#...............#
#.....##.####.#†#
...........##.#h##
...............g@####
......##......h.....#
...............####.#
#.....##.##.#### #.#
#.....##.##.# #.#
#.....##.##.#######.#
..................#.#
#........##.#######.#
#......#.##.....# #.#


You could see 2 jackals and a hobgoblin.

Vanquished Creatures
  A bat (D:1)
  2 endoplasms (D:1)
  2 goblins (D:1)
  A hobgoblin (D:1)
  2 jackals (D:1)
  A quokka (D:1)
  A ball python (D:1)
  A kobold (D:1)
  2 rats (D:1)
13 creatures vanquished.

Notes
Turn   | Place    | Note
-------+----------+-------------------------------------------
     0 | D:1      | trckry the Ogre Warper began the quest for the Orb.
     0 | D:1      | Reached XP level 1. HP: 22/22 MP: 3/3
   286 | D:1      | Reached XP level 2. HP: 29/29 MP: 5/5
   289 | D:1      | Learned a level 2 spell: Blink
   495 | D:1      | HP: 1/29 [hobgoblin (4)]
   497 | D:1      | Slain by a jackal

Illustrated notes

Levels and vault maps discovered:
D:1:      dpeg_arrival_concentric_ovals, layout_basic,
          ebering_ecumenical_altar_sacrificial, hangedman_abyss_or_decor_stabs

Skill      XL: |  1 |
---------------+----+-----
Maces & Flails | 2 |  2.4
Fighting       | |  2.6
Throwing       | |  1.0
Dodging        | |  2.1
Spellcasting   | |  2.4
Translocations | |  2.9

Action                   || total
-------------------------++-------
Melee: Mace              ||    16
       Rapier            ||    22
Armor: Robe              ||    17
Dodge: Dodged            ||    16
